 Dungeon Crawl Stone Soup version 0.28-a0-622-gbaef9634d7 (webtiles) character file.

Game seed: 10520595693995125519

10992 Johnny the Fighter (level 11, -12/153 HPs)
             Began as a Black Draconian Ice Elementalist on Oct 7, 2021.
             Was a Priest of Sif Muna.
             Mangled by an ettin (20 damage)
             ... on level 11 of the Dungeon.
             The game lasted 00:13:41 (13340 turns).

Johnny the Fighter (DrIE)                          Turns: 13340, Time: 00:13:42

Health: -12/153    AC: 35    Str: 10    XL:     11   Next: 43%
Magic:  8/24       EV:  2    Int: 19    God:    Sif Muna [***...]
Gold:   483        SH:  0    Dex: 12    Spells: 18/29 levels left

rFire   . . .      SeeInvis .   y - staff of cold
rCold   + + .      Faith    +   (no shield)
rNeg    . . .      Spirit   .   (armour unavailable)
rPois   +          Reflect  .   (helmet currently unavailable)
rElec   .          Harm     .   (cloak currently unavailable)
rCorr   .          Rampage  .   (gloves currently unavailable)
Will    +....      NoTele   +   (boots currently unavailable)
Stlth   ++........              f - amulet of faith
HPRegen 0.35/turn               e - ring of protection from cold
MPRegen 0.19/turn               r - ring of willpower

@: ice-armoured, tree-form, freezing walls, hasted, very quick
A: stationary, stasis, torment immunity, boosted hp, (breathe lightning), AC +7,
unfitting armour, (electricity resistance), (cold-blooded)
a: Renounce Religion, Channel Magic, Forget Spell


You were on level 11 of the Dungeon.
You worshipped Sif Muna.
Sif Muna was most pleased with you.
You were a tree.
You visited 2 branches of the dungeon, and saw 12 of its levels.

You collected 483 gold pieces.

Inventory:

Hand Weapons
 i - a +4 vorpal dagger
 m - a +3 short sword
 w - a +1 dagger of protection
 A - a +2 mace of protection
Armour
 h - a +0 pair of boots (melded)
Magical Staves
 y - a staff of cold (weapon)
Jewellery
 e - a ring of protection from cold (left branch)
 f - an amulet of faith (around neck)
 k - an amulet of the acrobat
 r - a ring of willpower (right branch)
 z - a +4 ring of slaying
 E - a +4 ring of evasion
Wands
 x - a wand of iceblast (2)
 B - a wand of digging (6)
 H - a wand of charming (6)
Scrolls
 b - a scroll of teleportation
 c - a scroll of noise
 d - 2 scrolls of amnesia
 p - 2 scrolls of immolation
 q - 2 scrolls of enchant armour
 u - 2 scrolls of fear
 D - a scroll of silence {unknown}
 F - 3 scrolls of fog {unknown}
 G - a scroll of holy word {unknown}
 I - a scroll of blinking {unknown}
Potions
 a - a potion of attraction {unknown}
 g - a potion of heal wounds {unknown}
 j - a potion of invisibility {unknown}
 l - a potion of haste
 n - 5 potions of flight
 o - a potion of mutation {unknown}
 s - a potion of lignification
 t - 2 potions of magic {unknown}
 v - a potion of brilliance {unknown}
 C - 2 potions of curing {unknown}
Miscellaneous
 J - a tin of tremorstones (inert)


   Skills:
 + Level 11.3 Fighting
 - Level 1.7 Dodging
 - Level 1.7 Stealth
 + Level 9.8 Spellcasting
 + Level 11.1 Ice Magic
 + Level 3.3 Invocations


You had 18 spell levels left.
You knew the following spells:

 Your Spells              Type           Power      Damage    Failure   Level
a - Freeze                Ice            100%       1d11      1%          1
b - Frozen Ramparts       Ice            100%       1d12      1%          3
c - Ozocubu's Armour      Ice            67%        N/A       1%          3
f - Hailstorm             Conj/Ice       45%        3d10      8%          4

Your spell library contained the following spells:

 Spells                   Type           Power      Damage    Failure   Level
 Apportation              Tloc           18%        N/A       8%          1
 Beastly Appendage        Tmut           18%        N/A       8%          1
 Magic Dart               Conj           36%        1d4       8%          1
 Call Imp                 Summ           9%         N/A       12%         2
 Corpse Rot               Necr/Air       N/A        N/A       12%         2
 Sublimation of Blood     Necr           4%         N/A       12%         2
 Wereblood                Tmut           9%         N/A       12%         2
 Gell's Gravitas          Tloc           4%         N/A       22%         3
 Lesser Beckoning         Tloc           9%         N/A       22%         3
 Mephitic Cloud           Conj/Pois/Air  9%         N/A       22%         3
 Spider Form              Tmut/Pois      4%         N/A       22%         3
 Teleport Other           Tloc           9%         N/A       22%         3
 Tukima's Dance           Hex            9%         N/A       22%         3
 Dispel Undead            Necr           9%         3d8       58%         4
 Passage of Golubria      Tloc           N/A        N/A       58%         4
 Petrify                  Tmut/Erth      9%         N/A       58%         4
 Alistair's Intoxication  Tmut/Pois      6%         N/A       91%         5
 Blade Hands              Tmut           4%         N/A       91%         5
 Irradiate                Conj/Tmut      4%         3d15      91%         5
 Yara's Violent Unravell  Hex/Tmut       4%         3d4       91%         5
 Death Channel            Necr           4%         N/A       100%        6
 Invisibility             Hex            4%         N/A       100%        6
 Dragon Form              Tmut           4%         N/A       100%        7


Dungeon Overview and Level Annotations

Branches:
Dungeon (11/15)            Temple (1/1) D:5            Lair (0/6) D:9
    Orc (0/2) D:9

Altars:
Ashenzari
Cheibriados
Dithmenos
Elyvilon
Fedhas
Gozag
Hepliaklqana
Kikubaaqudgha
Makhleb
Nemelex Xobeh
Okawaru
Qazlal
Ru
Sif Muna
Trog
Uskayaw
Vehumet
Wu Jian
Xom
Yredelemnul
Zin
The Shining One

Shops:
D:6 =   D:7 [(

Portals:
Trove: D:10 (give +2 gold dragon scales)

Annotations:
D:11 3 runed translucent doors, exclusion: orange crystal statue


Innate Abilities, Weirdness & Mutations

You are a tree.
Your roots penetrate the ground, keeping you stationary.
You cannot be teleported.
You are immune to unholy pain and torment.
Your maximum health is greatly increased.
Your equipment is partially melded.
((You can breathe wild blasts of lightning.))
((Your glossy black scales are hard. (AC +7)))
You cannot fit into any form of body armour.
((You are resistant to electric shocks. (rElec)))
((You are cold-blooded and may be slowed by cold attacks.))


Message History

Aim: a green ugly thing (almost dead, paralysed, chance to affect: 28%) Nothing appears to happen.
The wall freezes the green ugly thing!
You kill the green ugly thing!
Sif Muna accepts your kill.
Aiming: Paralyse
Press: ? - help, Shift-Dir - straight line, f - ettin
Aim: an ettin, wielding a +0 dire flail and a +0 great mace (moderately wounded, chance to affect: 28%)
The ettin easily resists.
The wall freezes the ettin.
Aiming: Paralyse
Press: ? - help, Shift-Dir - straight line, f/p - ettin
Aim: an ettin, wielding a +0 dire flail and a +0 great mace (moderately wounded, chance to affect: 28%)
The ettin easily resists.
The now-empty wand crumbles to dust.
The wall freezes the ettin!
The ettin hits you but does no damage.
The ettin hits you with a +0 great mace!!
* * * LOW HITPOINT WARNING * * *
Okay, then.
Okay, then.
Aiming: Freeze (safe; 1% risk of failure)
Press: ? - help, Q - select action, (/) - cycle Shift-Dir - straight line, f/p - ettin
Aim: an ettin, wielding a +0 dire flail and a +0 great mace (heavily wounded)
Okay, then.
Okay, then.
Unknown command.
Casting: Freeze (safe; 1% risk of failure)
Confirm with . or Enter, or press ? or * to list all spells.
Aiming: Freeze (safe; 1% risk of failure)
Press: ? - help, Shift-Dir - straight line, f/p - ettin
Aim: an ettin, wielding a +0 dire flail and a +0 great mace (heavily wounded)
You feel a surge of power!
You freeze the ettin.
The ettin is severely wounded.
Casting: Freeze (safe; 1% risk of failure)
Confirm with . or Enter, or press ? or * to list all spells.
Aiming: Freeze (safe; 1% risk of failure)
Press: ? - help, Shift-Dir - straight line, f/p - ettin
Aim: an ettin, wielding a +0 dire flail and a +0 great mace (severely wounded)
You feel a surge of power!
You freeze the ettin!
The ettin is severely wounded.
The wall freezes the ettin.
The ettin hits you with a +0 dire flail!!
You die...

#.### ##..# #$# #'#.
#...# #.# .)) ###.#.#
### #.#
#)###.....######.e#
#.#
#)#)...........###.#.#
..).....######.#e.#H#
.....#### #.#.#.#..#
......# #.##C##C/#
......# #.)♣#.#.c#
###..## ##########
.##### ..# ..# .## ##


You could see an ettin and a manticore.

Vanquished Creatures
  2 boulder beetles
  A centaur warrior (D:11)
  3 death yaks
  A two-headed ogre (D:9)
  2 deep elf pyromancers
  An ugly thing (D:11)
  2 trolls
  A vampire (D:11)
  A wyvern (D:9)
  8 yaks
  2 steam dragons
  4 orc warriors
  An ice beast (D:6)
  2 black bears
  2 ogres
  6 centaurs
  A phantom (D:5)
  Blork the orc (D:5)
  A kobold brigand (D:6)
  4 bullfrogs
  A scorpion (D:6)
  A killer bee (D:6)
  6 wights
  2 howler monkeys
  3 bullfrog zombies (D:6)
  4 centaur zombies
  5 orc priests
  3 hounds
  A jelly (D:6)
  2 iguanas (D:6)
  6 orc wizards
  3 hell rats (D:9)
  A howler monkey zombie (D:7)
  8 gnolls (D:4)
  7 adders
  3 river rats (D:9)
  A shadow imp (D:7)
  A white imp (D:8)
  2 ufetubi
  2 worms (D:6)
  4 dart slugs
  31 orcs
  9 ball pythons
  3 endoplasms
  4 giant cockroaches (D:1)
  8 goblins
  8 hobgoblins
  4 jackals (D:3)
  11 kobolds
  6 quokkas
  4 bats
  6 rats
  A spectral orc (D:5)
207 creatures vanquished.

Vanquished Creatures (others)
  A quokka (D:4)
  3 plants (D:4)
4 creatures vanquished.

Grand Total: 211 creatures vanquished

Notes
Turn   | Place    | Note
-------+----------+-------------------------------------------
     0 | D:1      | Johnny the Draconian Ice Elementalist began the quest for
                  | the Orb.
     0 | D:1      | Reached XP level 1. HP: 14/14 MP: 3/3
    97 | D:1      | Reached skill level 1 in Fighting
    97 | D:1      | Reached XP level 2. HP: 16/23 MP: 3/5
   610 | D:1      | Reached XP level 3. HP: 26/28 MP: 1/6
  1411 | D:2      | Reached XP level 4. HP: 30/36 MP: 5/8
  1463 | D:2      | You fall into a shaft and drop 1 floor!
  2447 | D:3      | You fall into a shaft and drop 2 floors!
  2447 | D:5      | Entered Level 5 of the Dungeon
  2471 | D:5      | Learned a level 3 spell: Frozen Ramparts
  2475 | D:5      | Learned a level 3 spell: Ozocubu's Armour
  2604 | D:5      | Found a basalt altar of Yredelemnul.
  2669 | D:5      | Noticed a bullfrog
  2674 | D:5      | Killed a bullfrog
  2675 | D:5      | Reached skill level 5 in Ice Magic
  2675 | D:5      | Reached XP level 5. HP: 45/45 MP: 2/10
  2757 | D:5      | Found a staircase to the Ecumenical Temple.
  2776 | D:5      | Noticed Blork the orc
  2786 | Temple   | Entered the Ecumenical Temple
  2976 | D:5      | Noticed a phantom
  2983 | D:5      | Killed Blork the orc
  2993 | D:5      | Killed a phantom
  2994 | D:5      | Reached XP level 6. HP: 28/52 MP: 3/11
  3516 | D:5      | Your scales start taking on a glossy black colour.
  3516 | D:5      | Reached XP level 7. HP: 19/60 MP: 3/13
  3516 | D:5      | Gained mutation: You are resistant to electric shocks.
                  | (rElec) [Black Draconian growth]
  3787 | D:4      | Reached skill level 5 in Fighting
  4001 | D:4      | Found a shimmering blue altar of Sif Muna.
  4011 | D:4      | Became a worshipper of Sif Muna the Loreminder
  4052 | D:4      | Reached skill level 5 in Spellcasting
  4869 | D:4      | Found a broken altar of Ashenzari.
  4983 | D:4      | Found an opulent altar of Gozag.
  5013 | D:4      | Found a white marble altar of Elyvilon.
  5745 | D:6      | Reached XP level 8. HP: 58/70 MP: 9/15
  6037 | D:6      | Learned a level 4 spell: Hailstorm
  6213 | D:6      | Reached * piety under Sif Muna
  6866 | D:6      | Found Onomeqem's Jewellery Shoppe.
  7375 | D:7      | Found Laazaust's Antique Weapon Shoppe.
  7509 | D:7      | Found Cuschef's Antique Armour Shop.
  8371 | D:8      | Reached XP level 9. HP: 44/79 MP: 10/18
  8660 | D:8      | Reached ** piety under Sif Muna
  9538 | D:9      | Found a staircase to the Lair.
  9538 | D:9      | Noticed a death yak
  9539 | D:9      | Noticed a death yak
  9539 | D:9      | Noticed a death yak
  9552 | D:9      | Killed a death yak
  9567 | D:8      | Killed a death yak
  9714 | D:9      | Killed a death yak
  9715 | D:9      | Reached XP level 10. HP: 85/91 MP: 10/22
  9942 | D:9      | Noticed a boulder beetle
  9962 | D:9      | Killed a boulder beetle
 10607 | D:9      | Found a staircase to the Orcish Mines.
 10646 | D:9      | Found a snail-covered altar of Cheibriados.
 10650 | D:9      | Noticed a two-headed ogre
 10661 | D:9      | Killed a two-headed ogre
 10662 | D:9      | Reached skill level 10 in Fighting
 10662 | D:9      | Reached skill level 10 in Ice Magic
 10952 | D:9      | Reached *** piety under Sif Muna
 11132 | D:10     | Entered Level 10 of the Dungeon
 11237 | D:10     | Noticed a deep elf pyromancer
 11269 | D:10     | Killed a deep elf pyromancer
 11597 | D:10     | Found a portal to a secret trove of treasure.
 12175 | D:11     | Reached XP level 11. HP: 70/101 MP: 18/24
 12369 | D:11     | Reached skill level 1 in Invocations
 12703 | D:11     | Noticed a boulder beetle
 12719 | D:11     | Killed a boulder beetle
 13014 | D:11     | Found a runed translucent door.
 13024 | D:11     | Found a runed translucent door.
 13043 | D:11     | Found a runed translucent door.
 13116 | D:11     | Found a runed translucent door.
 13142 | D:11     | Noticed an orange crystal statue
 13307 | D:11     | Noticed a deep elf pyromancer
 13307 | D:11     | Noticed a centaur warrior
 13314 | D:11     | Killed a centaur warrior
 13321 | D:11     | Noticed a green ugly thing
 13322 | D:11     | Killed a deep elf pyromancer
 13326 | D:11     | Noticed an ettin
 13336 | D:11     | Killed a green ugly thing
 13340 | D:11     | Mangled by an ettin

Illustrated notes

Levels and vault maps discovered:
D:1:      zelgadis_glass_arrival_small, layout_basic
D:2:      layout_rooms
D:3:      layout_loops_corners
D:4:      layout_cave_pools, elyvilon_altar_4, mainiacjoe_overflow_boulevard,
          jmf_multi_god_temple, minivault_19, chequers_arboretum
D:5:      layout_loops_ring, yredelemnul_forgotten_temple_becter,
          minmay_temple_entry_arrows, uniq_blork_the_orc
D:6:      layout_basic, cheibrodos_sewer_entry_bend, small_statue_intersection,
          kennysheep_windowed_goal
D:7:      layout_basic, serial_shops, nicolae_square_shop,
          nicolae_shop_overgrown_old_shop
D:8:      layout_gridville
D:9:      layout_roguey, mainiacjoe_overflow_24_doors, dpeg_lair_monsters,
          orc_0_dummy
D:10:     layout_irregular_city, enter_trove_0
D:11:     minmay_tearing_corner, layout_gridville, serial_bayou_pond_d,
          minmay_statue_crystal_thing
Temple:   eino_temple_scatter_basement

Skill      XL: |  1  2  3  4  5  6  7  8  9 10 11 |
---------------+----------------------------------+-----
Fighting       | 1 2 3 4 5 7 9 10 11 | 11.3
Spellcasting   | 3 4 5 6 8 9 |  9.8
Ice Magic      | 5 6 8 9 10 11 | 11.1
Invocations    | 3 |  3.3
Dodging        | |  1.7
Stealth        | |  1.7

Action                   |  1- 3 |  4- 6 |  7- 9 | 10-12 || total
-------------------------+-------+-------+-------+-------++-------
Melee: Unarmed           |    47 |       |       |       ||    47
       Tailslap          |    16 |    10 |    50 |     8 ||    84
       Dagger            |    79 |    72 |   362 |    42 ||   555
       Staff             |       |       |       |    62 ||    62
 Cast: Freeze            |    23 |    46 |    74 |    43 ||   186
       Frozen Ramparts   |       |     3 |    14 |    23 ||    40
       Ozocubu's Armour  |       |     1 |    12 |    14 ||    27
       Hailstorm         |       |       |     4 |       ||     4
 Abil: Breathe Lightning |       |       |     8 |     4 ||    12
Evoke: Wand              |       |     7 |     5 |     9 ||    21
       Tin of tremorston |       |       |       |     2 ||     2
  Use: Scroll            |       |       |    10 |     2 ||    12
       Potion            |       |       |       |     3 ||     3
 Stab: Sleeping          |     1 |     1 |     3 |       ||     5
Armor: Skin              |    49 |    44 |   234 |   130 ||   457
Dodge: Dodged            |   103 |    95 |   357 |   128 ||   683

Table legend: (Time is in decaauts)
 A = Elapsed time spent in this place.
 B = Non-inter-level travel time spent in this place.
 C = Inter-level travel time spent in this place.
 D = Time resting spent in this place.
 E = Time spent auto-exploring this place.
 F = Levels seen in this place.
 G = Mean time per level.
                   A        B        C        D        E       F      G
               +--------+--------+--------+--------+--------+-----+--------+
         Total |  13357 |  12880 |    477 |   2189 |   8567 |  12 | 1113.1 |
       Dungeon |  13169 |  12705 |    464 |   2189 |   8408 |  11 | 1197.2 |
        Temple |    187 |    174 |     13 |      0 |    159 |   1 |  187.0 |
               +--------+--------+--------+--------+--------+-----+--------+

Top non-repeatable levels by time:
     D:6: 1567 daAuts
     D:9: 1496 daAuts
     D:5: 1493 daAuts
    D:10: 1330 daAuts
     D:8: 1313 daAuts
     D:3: 1242 daAuts
     D:1: 1145 daAuts
     D:4: 1014 daAuts
     D:7: 948 daAuts
    D:11: 881 daAuts
     D:2: 736 daAuts
  Temple: 187 daAuts
